 Dungeon Crawl Stone Soup version 0.30-a0-723-gc1506a1cf0 (webtiles) character file.

Game seed: 10237144438884960287

108440 browni3141 the Brawler (level 16, -3/148 HPs)
             Began as a Troll Berserker on Jan 28, 2023.
             Was a High Priest of Trog.
             Killed from afar by a salamander mystic (18 damage)
             ... with a lance of force
             ... on level 2 of the Snake Pit.
             The game lasted 00:38:52 (18649 turns).

browni3141 the Brawler (Troll Berserker)           Turns: 18649, Time: 00:38:52

Health: -3/148     AC:  8    Str: 35    XL:     16   Next: 2%
Magic:  15/15      EV: 11    Int:  6    God:    Trog [*****.]
Gold:   2414       SH:  5    Dex:  7    Spells: 15/15 levels left

rFire   + . .      SeeInvis .      - Unarmed
rCold   . . .      Faith    .    (no shield)
rNeg    . . .      Spirit   .    C - +0 troll leather armour
rPois   +          Reflect  +    (helmet restricted)
rElec   .          Harm     .    r - +0 cloak
rCorr   .          Rampage  .    (gloves unavailable)
Will    +....                    (boots unavailable)
Stlth   +                        U - amulet of reflection
HPRegen 2.04/turn                R - ring of the Imbibing Messenger {rF+ Int+3 Dex-2 Slay+3}
MPRegen 0.14/turn                Q - ring of poison resistance

@: weakened, on berserk cooldown, slowed, very slow
A: large, unfitting armour, claws 3, regeneration 1, shaggy fur 1, tough skin 1,
frail 1, MP-powered wands
a: Renounce Religion, Berserk, Trog's Hand, Brothers in Arms


You were on level 2 of the Snake Pit.
You worshipped Trog.
Trog was extremely pleased with you.
You visited 4 branches of the dungeon, and saw 21 of its levels.
You also visited: Bailey, Gauntlet and Volcano.

You collected 2495 gold pieces.
You spent 81 gold pieces at shops.

Inventory:

Missiles
 u - 15 javelins
 y - 21 boomerangs (quivered)
 E - 9 poisoned darts
 F - 9 atropa-tipped darts
 J - 5 curare-tipped darts
 L - 9 large rocks
 O - 2 datura-tipped darts
 S - 6 silver javelins
Armour
 r - a +0 cloak (worn)
 w - a +2 robe of willpower
 z - a +2 robe of positive energy
 C - a +0 troll leather armour (worn)
 V - a +2 robe of fire resistance
Jewellery
 q - a ring of protection from cold
 v - a ring of resist corrosion
 x - a ring of willpower
 A - an amulet of regeneration
 D - a ring of fire
 H - a ring of willpower
 K - a +5 ring of evasion
 P - a +4 ring of protection
 Q - a ring of poison resistance (right claw)
 R - the ring of the Imbibing Messenger (left claw) {rF+ Int+3 Dex-2 Slay+3}
   (You found it in a Gauntlet)

   [ring of protection from fire]

   Int:       It affects your intelligence (+3).
   Dex:       It affects your dexterity (-2).
   Slay:      It affects your accuracy & damage with ranged weapons and melee
   (+3).
   rF:        It protects you from fire.
 T - an amulet of magic regeneration
 U - an amulet of reflection (around neck)
 W - a +6 ring of dexterity
Wands
 n - a wand of roots (4)
 s - a wand of polymorph (15)
 X - a wand of light (6)
 Z - a wand of flame (17)
Scrolls
 c - 2 scrolls of identify {unknown}
 d - a scroll of teleportation {unknown}
 e - a scroll of enchant weapon {unknown}
 f - a scroll of magic mapping {unknown}
 g - a scroll of noise {unknown}
 h - 3 scrolls of blinking {unknown}
Potions
 b - 4 potions of might
 i - 5 potions of heal wounds
 j - 8 potions of curing
 k - 6 potions of magic
 l - 5 potions of brilliance
 m - a potion of cancellation
 o - 3 potions of flight
 p - 2 potions of haste
 t - 4 potions of attraction
 B - 3 potions of ambrosia
 G - a potion of resistance
 I - a potion of invisibility
 N - a potion of lignification {unknown}
Miscellaneous
 a - a piece from Xom's chessboard (15/15)
 M - a condenser vane (inert)
 Y - a phial of floods


   Skills:
 + Level 11.9 Fighting
 - Level 13.0 Throwing
 - Level 5.0 Armour
 * Level 7.9 Dodging
 - Level 1.0 Stealth
 * Level 19.0 Unarmed Combat


You had 15 spell levels left.
You didn't know any spells.
Your spell library was empty.

Dungeon Overview and Level Annotations

Branches:
Dungeon (12/15)            Temple (0/1) D:6            Lair (5/5) D:11
 Shoals (0/4) Lair:3        Snake (2/4) Lair:2        Slime (0/5) Lair:4
    Orc (2/2) D:12            Elf (0/3) Orc:2        Bailey (visited)
Volcano (visited)         Gauntlet (visited)

Altars:
Ashenzari
Cheibriados
Dithmenos
Elyvilon
Fedhas
Gozag
Hepliaklqana
Kikubaaqudgha
Makhleb
Nemelex Xobeh
Qazlal
Ru
Trog
Uskayaw
Wu Jian
The Shining One
Jiyva

Shops:
Orc:2 [[[[(   Snake:2 [


Innate Abilities, Weirdness & Mutations

You are too large for most types of armour.
You have claws for hands.
Your natural rate of healing is unusually fast.
You are covered in fur. (AC +1)
You have tough skin. (AC +1)
You are frail. (-10% HP)
You expend magic power (3 MP) to strengthen your wands.


Message History

You mangle the salamander!!
The salamander is heavily wounded.
You mangle the salamander!!
The salamander is almost dead.
The salamander hits you but does no damage.
You mangle the salamander!!
You kill the salamander!
Trog accepts your kill.
The salamander tyrant calls gouts of flame from the lava!
The flame surge hits you!! You resist.
Items here: )) [ †.
You feel a strong urge to attack something.
The salamander tyrant calls gouts of flame from the lava!
The flame surge hits you!! You resist.
Things that are here:
a +0 scimitar; a +0 robe You are no longer berserk.
You are exhausted.
You feel yourself slow down.
A salamander mystic comes into view. It is wielding a +0 scimitar.
You mangle the salamander tyrant!!
The salamander tyrant is moderately wounded.
The salamander tyrant calls gouts of flame from the lava!
The flame surge hits you! You resist.
The salamander mystic points at you and mumbles some strange words.
The bolt of magma misses you.
Your ogre goes berserk!
The salamander tyrant hits you but does no damage.
The salamander mystic casts a spell at you.
The lance of force hits you!!
You are knocked back by the lance of force.
You slam into the stone wall!
* * * LOW HITPOINT WARNING * * *
The salamander tyrant calls gouts of flame from the lava!
The flame surge hits you!! You resist.
* * * LOW HITPOINT WARNING * * *
The flame surge hits your ogre!!
The salamander mystic casts a spell at you.
The lance of force hits you!!
You die...

##§§.....).###.#
###)#
≈§.#≈#≈#..≈##.##
#....
#.#≈###≈#.###..#
#...S .≈#
##≈)≈###.###
#.... § ##)##
#?..## #....
#≈.§# ###..##
##### ##O##
##..## #
≈##.##§)≈#
##..## #
.§≈.N≈.@##
######..## #
...§..N≈≈#
#........# #
§§.§..≈≈##
#........# #
§§§≈≈≈##
#........####
#§§≈##
########).##.
#### ##.##. ###
#######.).. ..#
#.......... ..#
#..........


You could see a salamander tyrant (ally target), a salamander mystic and a
friendly ogre (summoned, berserk).

Vanquished Creatures
  Saint Roka (Orc:2)
  Agnes (Snake:2)
  Aizul (Snake:2)
  2 orc warlords
  The ghost of Newt the Carver, a journeyman DsGl of Makhleb (Lair:5)
  Nessos (Orc:2)
  A minotaur (Gauntlet)
  A red draconian (Volcano)
  Snorg (Lair:4)
  A salamander tyrant (Snake:2)
  4 hydras
  3 catoblepae
  An ogre mage (Volcano)
  2 anacondas
  A centaur warrior (D:11)
  11 two-headed ogres
  5 naga warriors
  A boulder beetle (D:11)
  A tengu warrior (D:11)
  3 orc high priests (Orc:2)
  4 naga sharpshooters (Snake:2)
  3 shock serpents
  3 salamander mystics (Snake:2)
  A glowing orange brain (Gauntlet)
  A lindwurm (Lair:5)
  An orange crystal statue (D:12)
  A harpy (D:10)
  A deep elf archer (D:10)
  2 mana vipers (Snake:1)
  6 orc knights (Orc:2)
  A wizard (D:11)
  4 orc sorcerers (Orc:2)
  A wolf spider (Lair:5)
  2 cyclopes
  2 ugly things
  9 salamanders
  23 black mambas
  A guardian serpent (Snake:2)
  20 elephants
  4 naga magi
  2 gargoyles
  An unseen horror (D:12)
  7 cane toads
  4 komodo dragons
  4 trolls
  A tyrant leech (Gauntlet)
  7 dream sheep
  3 polar bears
  9 blink frogs
  8 hornets
  4 flying skulls (Gauntlet)
  13 spriggans (Lair:5)
  7 shadows
  2 wyverns
  50 yaks
  A wraith (D:11)
  5 basilisks
  3 wargs
  7 vampire mosquitoes
  18 nagas
  4 swamp worms (Gauntlet)
  2 acid dragons
  22 orc warriors
  13 water moccasins
  3 sky beasts (D:7)
  An ice beast (D:6)
  6 black bears
  2 ogres
  5 boggarts (Lair:5)
  3 centaurs
  28 wolves
  4 phantoms
  A kobold brigand (D:9)
  13 bullfrogs
  Blork the orc (D:5)
  3 scorpions
  A necrophage (D:7)
  A gnoll sergeant (D:10)
  17 wights
  3 troll zombies (D:12)
  6 killer bees (D:8)
  An electric eel (Lair:3)
  7 howler monkeys
  4 lava snakes
  4 hounds
  5 jellies
  18 orc priests
  2 hell rats (Lair:1)
  9 iguanas
  18 orc wizards
  5 ogre zombies (D:12)
  4 adders
  14 gnolls
  5 river rats (Lair:1)
  2 ufetubi
  A worm (D:4)
  3 dart slugs
  66 orcs
  5 endoplasms
  3 giant cockroaches
  13 goblins
  10 hobgoblins
  4 jackals (D:1)
  8 ball pythons
  7 bats
  8 frilled lizards
  5 goblin zombies (D:12)
  5 hobgoblin zombies (D:12)
  20 kobolds
  7 orc skeletons (D:12)
  8 orc zombies (D:12)
  7 rats
706 creatures vanquished.

Vanquished Creatures (others)
  22 fungi
  25 plants
  2 withered plants (Lair:5)
49 creatures vanquished.

Grand Total: 755 creatures vanquished

Notes
Turn   | Place    | Note
-------+----------+-------------------------------------------
     0 | D:1      | browni3141 the Troll Berserker began the quest for the Orb.
     0 | D:1      | Reached XP level 1. HP: 22/22 MP: 0/0
    87 | D:1      | Reached skill level 1 in Stealth
    87 | D:1      | Reached XP level 2. HP: 16/29 MP: 1/1
   328 | D:1      | Reached ** piety under Trog
   537 | D:1      | Reached XP level 3. HP: 36/36 MP: 2/2
   885 | D:2      | Found a burning altar of Makhleb.
   912 | D:2      | HP: 2/54 [gnoll/+0 whip (6)]
   913 | D:2      | Reached skill level 4 in Unarmed Combat
   913 | D:2      | Reached XP level 4. HP: 2/44 MP: 3/3
  1460 | D:3      | Found a glowing golden altar of the Shining One.
  1560 | D:3      | Found a broken altar of Ashenzari.
  1739 | D:4      | Reached XP level 5. HP: 51/53 MP: 4/4
  1902 | D:4      | Noticed a hornet
  1905 | D:4      | Paralysed by a hornet for 2 turns
  1911 | D:4      | Killed a hornet
  1912 | D:4      | Reached skill level 5 in Unarmed Combat
  1912 | D:4      | Reached XP level 6. HP: 43/62 MP: 5/5
  2308 | D:5      | Entered Level 5 of the Dungeon
  2330 | D:5      | Reached skill level 6 in Unarmed Combat
  2343 | D:5      | Reached *** piety under Trog
  2584 | D:5      | Noticed Blork the orc
  2591 | D:5      | Killed Blork the orc
  2592 | D:5      | Reached XP level 7. HP: 55/70 MP: 6/6
  2656 | D:5      | Found an ornate altar of the Wu Jian Council.
  2767 | D:5      | Reached skill level 7 in Unarmed Combat
  2873 | D:5      | Found an ancient bone altar of Kikubaaqudgha.
  3055 | D:6      | Reached skill level 8 in Unarmed Combat
  3055 | D:6      | Reached XP level 8. HP: 64/79 MP: 7/7
  3151 | D:6      | Reached skill level 5 in Fighting
  3318 | D:6      | Reached skill level 9 in Unarmed Combat
  3324 | D:6      | Found a sparkling altar of Nemelex Xobeh.
  3324 | D:6      | Found a hazy altar of Hepliaklqana.
  3433 | D:6      | Found a burning altar of Makhleb.
  3607 | D:6      | Found a staircase to the Ecumenical Temple.
  3798 | D:7      | Reached skill level 10 in Unarmed Combat
  3798 | D:7      | Reached XP level 9. HP: 80/89 MP: 8/8
  3821 | D:7      | Found a shadowy altar of Dithmenos.
  4111 | D:7      | Found a bloodstained altar of Trog.
  4544 | D:7      | Found a snail-covered altar of Cheibriados.
  4568 | D:7      | Found a sacrificial altar of Ru.
  4604 | D:7      | Found an opulent altar of Gozag.
  4813 | D:8      | Found a white marble altar of Elyvilon.
  4867 | D:8      | Reached skill level 11 in Unarmed Combat
  4884 | D:8      | Reached **** piety under Trog
  5132 | D:8      | Found a blossoming altar of Fedhas.
  5567 | D:9      | Found a stormy altar of Qazlal.
  5621 | D:9      | Reached skill level 1 in Throwing
  5626 | D:9      | Reached XP level 10. HP: 96/102 MP: 9/9
  5774 | D:9      | Reached skill level 12 in Unarmed Combat
  5848 | D:9      | Noticed a two-headed ogre
  5854 | D:9      | Killed a two-headed ogre
  6452 | D:10     | Entered Level 10 of the Dungeon
  6455 | D:10     | Noticed a two-headed ogre
  6462 | D:10     | Killed a two-headed ogre
  6483 | D:10     | Noticed a deep elf archer
  6488 | D:10     | Killed a deep elf archer
  6605 | D:10     | Found a flagged portal.
  6619 | Bailey   | Entered a bailey
  6624 | Bailey   | Noticed an orc warlord
  6711 | Bailey   | Found a runed translucent gate.
  6711 | Bailey   | Found a runed translucent gate.
  6711 | Bailey   | Found a runed translucent gate.
  6925 | Bailey   | Killed an orc warlord
  6926 | Bailey   | Reached XP level 11. HP: 105/111 MP: 10/10
  6944 | Bailey   | Reached skill level 5 in Dodging
  6944 | Bailey   | Reached skill level 13 in Unarmed Combat
  6944 | Bailey   | Reached XP level 12. HP: 122/122 MP: 11/11
  7170 | D:10     | Found a hide-covered altar of Uskayaw.
  7175 | D:10     | Noticed a two-headed ogre
  7181 | D:10     | Killed a two-headed ogre
  7182 | D:10     | Reached skill level 14 in Unarmed Combat
  7735 | D:10     | Noticed Sonja
  7736 | D:10     | Sonja changed into Sonja the harpy
  7736 | D:10     | Noticed Sonja
  7743 | D:10     | Killed Sonja the harpy
  8045 | D:11     | Reached ***** piety under Trog
  8183 | D:11     | Found a staircase to the Lair.
  8233 | D:11     | Noticed a centaur warrior
  8238 | D:11     | Killed a centaur warrior
  8240 | D:11     | Noticed a boulder beetle
  8245 | D:11     | Noticed a catoblepas
  8248 | D:11     | Killed a boulder beetle
  8251 | D:11     | Noticed a two-headed ogre
  8255 | D:11     | Noticed a tengu warrior
  8256 | D:11     | Killed a catoblepas
  8264 | D:11     | Killed a tengu warrior
  8265 | D:11     | Reached skill level 15 in Unarmed Combat
  8267 | D:11     | Killed a two-headed ogre
  9001 | D:12     | Found a staircase to the Orcish Mines.
  9062 | D:12     | Noticed a two-headed ogre
  9067 | D:12     | Killed a two-headed ogre
  9068 | D:12     | Reached XP level 13. HP: 131/131 MP: 12/12
  9106 | D:12     | Found a gate leading to a gauntlet.
  9115 | Gauntlet | Entered a Gauntlet
  9115 | Gauntlet | Found a transporter.
  9122 | Gauntlet | Found a transporter.
  9126 | Gauntlet | Found a transporter.
  9130 | Gauntlet | Found a runed translucent door.
  9132 | Gauntlet | Found a runed translucent door.
  9134 | Gauntlet | Found a transporter.
  9138 | Gauntlet | Found a transporter.
  9147 | Gauntlet | Found a transporter.
  9150 | Gauntlet | Found a transporter.
  9158 | Gauntlet | Found a transporter.
  9162 | Gauntlet | Found a transporter.
  9168 | Gauntlet | Found a runed translucent gate.
  9170 | Gauntlet | Found a transporter.
  9171 | Gauntlet | Found a runed translucent gate.
  9172 | Gauntlet | Found a runed translucent gate.
  9191 | Gauntlet | Found a transporter.
  9203 | Gauntlet | Found a transporter.
  9216 | Gauntlet | Found a transporter.
  9229 | Gauntlet | Found a transporter.
  9378 | Gauntlet | Received a gift from Trog
  9463 | Gauntlet | Identified the ring of the Imbibing Messenger {rF+ Int+3
                  | Dex-2 Slay+3}
  9519 | Gauntlet | Identified the +8 war axe of Fate {venom, Drain Int+6}
  9519 | Gauntlet | Noticed a minotaur
  9526 | Gauntlet | Killed a minotaur
  9527 | Gauntlet | Reached skill level 10 in Throwing
  9544 | Gauntlet | Identified the +1 leather armour of the Orange Skies {Int+4
                  | Dex+5}
  9544 | Gauntlet | Identified the +9 trident "Gibrext" {vamp, rC+ Str+2}
  9942 | D:12     | Gained mutation: Your mind is acute. (Int +4, Str/Dex -1)
                  | [potion of mutation]
  9942 | D:12     | Gained mutation: You expend magic power (3 MP) to
                  | strengthen your wands. [potion of mutation]
  9995 | Orc:1    | Entered Level 1 of the Orcish Mines
 10486 | Orc:1    | Noticed an orc warlord
 10534 | Orc:1    | Killed an orc warlord
 10535 | Orc:1    | Reached skill level 10 in Fighting
 10593 | Orc:2    | Entered Level 2 of the Orcish Mines
 10621 | Orc:2    | Reached skill level 16 in Unarmed Combat
 10684 | Orc:2    | Noticed Nessos
 10692 | Orc:2    | Killed Nessos
 10886 | Orc:2    | Found Utech's Weapon Shop.
 10994 | Orc:2    | Found a staircase to the Elven Halls.
 11030 | Orc:2    | Noticed Saint Roka
 11059 | Orc:2    | Killed Saint Roka
 11203 | Orc:2    | Gained mutation: You are occasionally teleported next to
                  | monsters. [a neqoxec]
 11254 | Orc:1    | Lost mutation: Your mind is acute. (Int +4, Str/Dex -1)
                  | [potion of mutation]
 11254 | Orc:1    | Lost mutation: You are occasionally teleported next to
                  | monsters. [potion of mutation]
 11254 | Orc:1    | Lost mutation: You expend magic power (3 MP) to strengthen
                  | your wands. [potion of mutation]
 11254 | Orc:1    | Gained mutation: You are frail. (-10% HP) [potion of
                  | mutation]
 11254 | Orc:1    | Gained mutation: You expend magic power (3 MP) to
                  | strengthen your wands. [potion of mutation]
 11449 | Orc:2    | Found Xocuriz's Antique Armour Emporium.
 11449 | Orc:2    | Found Fesouj's Armour Emporium.
 11536 | Orc:2    | Found Ilouz's Antique Armour Shop.
 11536 | Orc:2    | Found Mivuwom's Armour Shop.
 11683 | Orc:2    | Bought 5 atropa-tipped darts for 81 gold pieces
 11749 | Lair:1   | Entered Level 1 of the Lair of Beasts
 11805 | Lair:1   | Reached XP level 14. HP: 113/129 MP: 13/13
 12016 | Lair:1   | Received a gift from Trog
 12466 | Lair:2   | Found a dark tunnel.
 12515 | Volcano  | Entered a volcano
 12540 | Volcano  | Found a radiant altar of Vehumet.
 12548 | Volcano  | Reached skill level 17 in Unarmed Combat
 13158 | Lair:2   | Found a staircase to the Snake Pit.
 13773 | Lair:3   | Found a staircase to the Shoals.
 14240 | Lair:3   | You fall into a shaft and drop 1 floor!
 14347 | Lair:4   | Found a viscous altar of Jiyva.
 14356 | Lair:4   | Found a staircase to the Slime Pits.
 14358 | Lair:4   | Identified the +8 quarterstaff of Disaster {flame, *Slow
                  | rElec rC+} (Trog gifted it to you on level 4 of the Lair of
                  | Beasts)
 14358 | Lair:4   | Received a gift from Trog
 14502 | Lair:4   | Noticed Snorg
 14508 | Lair:4   | Killed Snorg
 14983 | Lair:5   | Entered Level 5 of the Lair of Beasts
 14984 | Lair:5   | Found a runed translucent door.
 14994 | Lair:5   | Noticed Newt's ghost (journeyman DsGl)
 15088 | Lair:5   | Reached skill level 1 in Armour
 15258 | Lair:5   | Reached XP level 15. HP: 126/138 MP: 14/14
 15304 | Lair:5   | Reached skill level 18 in Unarmed Combat
 15516 | Lair:5   | Received a gift from Trog
 15981 | Lair:5   | HP: 2/138 [seven-headed hydra (7)]
 15986 | Lair:5   | HP: 2/138 [catoblepas (26)]
 16069 | Lair:5   | Identified the +1 flail "Zanniof" {antimagic, Int+2}
 16404 | Lair:5   | Killed Newt's ghost
 16408 | Lair:5   | Identified the +3 spear "Masunos" {drain, Drain Fly rC+}
 16496 | Snake:1  | Entered Level 1 of the Snake Pit
 17911 | Snake:2  | Noticed Aizul
 17988 | Snake:2  | Killed Aizul
 18084 | Snake:2  | Noticed Agnes
 18090 | Snake:2  | Killed Agnes
 18099 | Snake:2  | Reached skill level 5 in Armour
 18340 | Snake:2  | Found Atsipp's Antique Armour Shoppe.
 18628 | Snake:2  | Received a gift from Trog
 18637 | Snake:2  | Reached skill level 19 in Unarmed Combat
 18637 | Snake:2  | Reached XP level 16. HP: 148/148 MP: 15/15
 18649 | Snake:2  | Killed from afar by a salamander mystic

Illustrated notes

Levels and vault maps discovered:
D:1:      dpeg_arrival_more_subterranean_lakeside_camping, layout_basic,
          minmay_misc_feat_doors, nrook_mini_backslash,
          chequers_serial_rivers_micro_b
D:2:      layout_loops_ring, basic_altar
D:3:      layout_basic, tso_oasis_becter, mainiacjoe_overflow_surrounded_room
D:4:      layout_basic, saegor_snake_ambush
D:5:      layout_cave_pools, overflow_temple_1_default,
          mainiacjoe_overflow_tiny_flanked, uniq_blork_the_orc
D:6:      layout_loops_ring, bloody_makhleb, jmf_multi_god_temple,
          temple_doors_e, st_stairs_5
D:7:      layout_loops_cross, nicolae_ru_great_annihilating_truth,
          nicolae_gozag_seed_capital, nicolae_dithmenos_the_darkroom,
          mainiacjoe_overflow_brackets, nicolae_overflow_hidden_temple,
          dreamdust_princess_bridge
D:8:      layout_basic, fedhas_altar_fruit_tree, nicolae_elyvilon_peaceful_grove
D:9:      layout_layer_cave, grunt_qazlal_clouds
D:10:     layout_loops_corners, mainiacjoe_overflow_six_doors_small,
          enter_bailey_7, kennysheep_island_fort, uniq_sonja
D:11:     minmay_the_grid_four_pointed_star
          [minmay_the_grid_triangle_9x9_corrupted_corridor,
          minmay_the_grid_triangle_9x9_windchime,
          minmay_the_grid_triangle_9x9_corruption,
          minmay_the_grid_triangle_9x9_flanged_cone,
          minmay_the_grid_prize_trominoes], layout_long_grid
D:12:     layout_long_grid, zombieorc2_lemuel, gauntlet_entry_generic,
          disabler_island
Lair:1:   layout_roguey, kennysheep_abandoned_house, lemuel_fruit_tree
Lair:2:   layout_small_grid, guppyfry_snake_entry_island,
          nicolae_volcano_entry_two_sided
Lair:3:   beast_lair_carwin_large_1, layout_long_grid, elwin_shoals_entry_rocks,
          serial_bayou_pond_e
Lair:4:   layout_regular_city, nicolae_slime_entry_field_trip,
          grunt_megastairs_3, uniq_snorg
Lair:5:   minmay_lair_end_enchanted_forest, layout_loops_ring,
          gammafunk_ghost_grave, hangedman_lair_generics_rect
Snake:1:  layout_gridlike, serial_corexii_hall, corexii_hall_statues_i,
          corexii_hall_statues_s
Snake:2:  cheibrodos_snake_lava_hold, layout_basic, serial_shops, shop,
          uniq_agnes, uniq_aizul
Orc:1:    layout_caves, minmay_orc_barracks
Orc:2:    st_orc_elflike, layout_caves, serial_shops, shop_fountains,
          special_room, uniq_nessos, uniq_saint_roka

Skill      XL: |  1  2  3  4  5  6  7  8  9 10 11 12 13 14 15 |
---------------+----------------------------------------------+-----
Stealth        | 1 |  1.0
Unarmed Combat | 4 5 6 8 10 11 12 13 15 16 17 19 | 19.0
Fighting       | 3 4 6 7 8 9 10 11 | 11.9
Throwing       | 1 4 6 9 11 13 | 13.0
Dodging        | 4 5 7 |  7.9
Armour         | 1 5 |  5.0

Action                     |  1- 3 |  4- 6 |  7- 9 | 10-12 | 13-15 | 16-18 || total
---------------------------+-------+-------+-------+-------+-------+-------++-------
  Melee: Unarmed           |    88 |   102 |   286 |   359 |   928 |     8 ||  1771
         Punch             |     1 |     2 |    10 |    32 |    78 |     1 ||   124
  Throw: Javelin           |       |       |     1 |       |    48 |       ||    49
         Boomerang         |       |       |       |    15 |   183 |       ||   198
 Invoke: Berserk           |     1 |     1 |     7 |    10 |    20 |       ||    39
         Trog's Hand       |       |       |     2 |       |     7 |       ||     9
         Brothers in Arms  |       |       |       |     1 |     3 |     1 ||     5
  Evoke: Wand              |       |       |     2 |     3 |     4 |       ||     9
         Condenser vane    |       |       |       |       |     3 |       ||     3
    Use: Potion            |       |       |     2 |     1 |    14 |       ||    17
   Stab: Sleeping          |     3 |     3 |       |       |       |       ||     6
         Paralysed         |       |       |     1 |       |       |       ||     1
         Invisible         |       |       |       |     1 |     3 |       ||     4
         Petrified         |       |       |       |     3 |       |       ||     3
 Armour: Animal skin       |    37 |    27 |    81 |     2 |       |       ||   147
         Troll leather arm |       |       |       |    70 |   151 |     3 ||   224
  Dodge: Dodged            |    54 |    41 |   117 |   169 |   550 |     1 ||   932
  Block: Other             |       |       |       |       |    18 |     1 ||    19
         Reflection        |       |       |       |       |     2 |       ||     2

Table legend: (Time is in decaauts)
 A = Elapsed time spent in this place.
 B = Non-inter-level travel time spent in this place.
 C = Inter-level travel time spent in this place.
 D = Time resting spent in this place.
 E = Time spent auto-exploring this place.
 F = Levels seen in this place.
 G = Mean time per level.
                   A        B        C        D        E       F      G
               +--------+--------+--------+--------+--------+-----+--------+
         Total |  18436 |  17765 |    671 |   1489 |  12277 |  24 |  768.2 |
       Dungeon |   9320 |   8906 |    414 |    465 |   6626 |  12 |  776.7 |
          Lair |   4263 |   4133 |    130 |    186 |   3056 |   5 |  852.6 |
     Snake Pit |   2076 |   2062 |     14 |    329 |   1294 |   2 | 1038.0 |
  Orcish Mines |   1675 |   1563 |    112 |    261 |    938 |   2 |  837.5 |
        Bailey |    323 |    323 |      0 |      0 |    177 |   1 |  323.0 |
       Volcano |    337 |    337 |      0 |    126 |     71 |   1 |  337.0 |
      Gauntlet |    439 |    439 |      0 |    119 |    115 |   1 |  439.0 |
               +--------+--------+--------+--------+--------+-----+--------+

Top non-repeatable levels by time:
  Lair:5: 1366 daAuts
    D:10: 1173 daAuts
 Snake:1: 1087 daAuts
     D:9: 1010 daAuts
     D:7: 1004 daAuts
 Snake:2: 989 daAuts
  Lair:2: 988 daAuts
   Orc:1: 882 daAuts
    D:11: 860 daAuts
     D:6: 801 daAuts
   Orc:2: 792 daAuts
    D:12: 789 daAuts
  Lair:4: 729 daAuts
     D:4: 687 daAuts
     D:8: 685 daAuts
